 Dungeon Crawl Stone Soup version 0.29.1-4-g47bece8355 (webtiles) character file.

Game seed: 13152503323199865765

54 Haldmier the Sneak (level 3, 0/29 HPs)
             Began as a Ghoul Brigand on Dec 4, 2022.
             Slain by an orc priest
             ... wielding a +0 flail
              (7 damage)
             ... on level 2 of the Dungeon.
             The game lasted 00:04:12 (1874 turns).

Haldmier the Sneak (Ghoul Brigand)                  Turns: 1874, Time: 00:04:12

Health: 0/29       AC:  6    Str: 16    XL:     3   Next: 91%
Magic:  2/2        EV: 10    Int:  6    God:
Gold:   34         SH:  0    Dex: 10    Spells: 0/2 levels left

rFire   . . .      SeeInvis .     - Unarmed
rCold   + . .      Faith    .   (no shield)
rNeg    + + +      Spirit   .   f - +0 ring mail
rPois   ∞          Reflect  .   (no helmet)
rElec   .          Harm     .   c - +0 cloak
rCorr   .          Rampage  .   (no gloves)
Will    .....                   (no boots)
Stlth   ++........              (no amulet)
HPRegen 0.00/turn               (no ring)
MPRegen 0.08/turn               (no ring)

@: inhibited regen
A: claws 1, cold resistance 1, negative energy resistance 3, inhibited
regeneration, torment resistance 2, devour on kill
a: no special abilities


You were on level 2 of the Dungeon.
You visited 1 branch of the dungeon, and saw 3 of its levels.

You collected 56 gold pieces.
You spent 22 gold pieces at shops.

Inventory:

Missiles
 d - 9 poisoned darts (quivered)
 e - 3 curare-tipped darts
 m - 20 stones
Armour
 c - a +0 cloak (worn)
 f - a +0 ring mail (worn)
 o - a +0 scale mail
Jewellery
 j - a ring of see invisible
Scrolls
 g - a scroll of butterflies {unknown}
 i - a scroll of enchant armour {unknown}
 l - a scroll of vulnerability {unknown}
Potions
 a - a potion of might {unknown}
 b - 4 potions of attraction
 h - a potion of cancellation
 k - a potion of curing
 n - 3 potions of haste
 p - a potion of heal wounds {unknown}


   Skills:
 - Level 2.1 Fighting
 - Level 1.7 Short Blades
 - Level 1.7 Throwing
 - Level 0.8 Dodging
 - Level 4.3 Stealth
 + Level 3.7 Unarmed Combat


You couldn't memorise any spells.
You knew the following spells:

 Your Spells              Type           Power      Damage    Failure   Level
a - Blink                 Tloc           0%         N/A       82%         2

Your spell library contained the following spells:

 Spells                   Type           Power      Damage    Failure   Level
 Manifold Assault         Tloc           0%         N/A       100%        5
 Storm Form               Tmut/Air       Unusable   N/A       N/A         7

Dungeon Overview and Level Annotations

Branches:
Dungeon (3/15)

Altars:

Shops:
D:2 ?


Innate Abilities, Weirdness & Mutations

You are immune to poison.
You have sharp fingernails.
Your flesh is cold resistant. (rC+)
You are immune to negative energy. (rN+++)
You do not regenerate when monsters are visible.
You are immune to unholy pain and torment.
You thrive by killing the living.


Message History

There is an open door here.
There is a stone staircase leading down here.
Search for what [Enter for "."]? .
Unknown command.
You climb downwards.
The orc shouts! x3
Found 18 gold pieces.
There is a stone staircase leading up here.
The orc priest barely misses you. The orc hits you with a +0 club.
The orc misses you.
You climb upwards.
There is a stone staircase leading down here.
You barely miss the orc priest. The orc misses you.
The orc priest begins to cast a cantrip, but forgets the words!
You scratch the orc priest.
The orc priest is moderately wounded.
You scratch the orc priest.
The orc priest is moderately wounded.
The orc closely misses you.
The orc priest hits you with a +0 flail.
You scratch the orc priest but do no damage.
The orc priest is moderately wounded.
The orc barely misses you.
The orc priest hits you but does no damage.
You scratch the orc priest but do no damage.
The orc priest is moderately wounded.
The orc hits you but does no damage.
The orc priest hits you with a +0 flail.
You scratch the orc priest but do no damage.
The orc priest is moderately wounded.
The orc hits you but does no damage.
The orc priest mumbles some strange prayers to Beogh against you.
Beogh smites you!
You barely miss the orc priest.
You claw the orc priest, but do no damage.
The orc priest is moderately wounded.
The orc hits you with a +0 club.
* * * LOW HITPOINT WARNING * * *
The orc priest hits you with a +0 flail!
You die...

#..#####....#.#.##.#.#.##.###.#
#..# #........#.#.#.#.#..##.#
...# #....#.#..#.###.#...##.#
#.######....#)##..#####..#.##.#
........................##.##.#
...........).......#######.##.#
#...................### #.##.#
...#####.#.......o....####.##.#
................@.#........##.#
......##.##.#....o............#
......##.##.........#####..####
......##.##.#.#.###'#####..#
......##.##.#.#.........#..#
......##.##.#.#.........#..####
....###...>...................#
.....##..####.#.........#.######
.....##..# #.#.###.###........#


You could see an orc priest and an orc.

Vanquished Creatures
  3 adders (D:2)
  3 ball pythons
  3 bats
  An endoplasm (D:1)
  2 giant cockroaches
  3 hobgoblins (D:2)
  A kobold (D:2)
  A quokka (D:2)
  4 frilled lizards
  2 goblins (D:2)
  6 rats
29 creatures vanquished.

Notes
Turn   | Place    | Note
-------+----------+-------------------------------------------
     0 | D:1      | Haldmier the Ghoul Brigand began the quest for the Orb.
     0 | D:1      | Reached XP level 1. HP: 17/17 MP: 0/0
    77 | D:1      | Reached skill level 1 in Unarmed Combat
   188 | D:1      | Reached XP level 2. HP: 24/24 MP: 1/1
   777 | D:2      | Reached XP level 3. HP: 18/29 MP: 2/2
   948 | D:2      | Learned a level 2 spell: Blink
  1130 | D:2      | Found Quepar's Magic Scroll Shop.
  1145 | D:2      | Bought a scroll of identify for 22 gold pieces
  1301 | D:2      | Identified the +4 whip "Spiderbane" {drain, rN++ Dex+2}
  1874 | D:2      | Slain by an orc priest

Illustrated notes

Levels and vault maps discovered:
D:1:      wander_arrival_chamber, layout_loops_ring
D:2:      layout_basic, serial_shops, nicolae_shop_trees, minmay_circle_x
D:3:      layout_loops_corners, uniq_ijyb

Skill      XL: |  1  2 |
---------------+-------+-----
Unarmed Combat | 1 3 |  3.7
Fighting       | |  2.1
Short Blades   | |  1.7
Throwing       | |  1.7
Dodging        | |  0.8
Stealth        | |  4.3

Action                   || total
-------------------------++-------
Melee: Dagger            ||    96
       Punch             ||     3
       Unarmed           ||    16
Throw: Stone             ||     2
  Use: Scroll            ||     5
 Stab: Sleeping          ||     2
Armor: Ring mail         ||    45
Dodge: Dodged            ||    71
